Map: Nightscape CE

Players

poo

  • Race: Terran Terran
  • Spawn Location: 1:00

Stoogers

  • Race: Protoss Protoss
  • Spawn Location: 1:00

EggMan - Winner!

  • Race: Terran Terran
  • Spawn Location: 7:00

Mathias - Winner!

  • Race: Protoss Protoss
  • Spawn Location: 7:00

VOD

Have the link to the VOD?

Description

Time

  • Played on: Dec. 20, 2025, 6:29 p.m.
  • Length: 10:44
Show
View Real Time Build Order
Export as new Build Order

poo Terran 

Build Orders:  

Get SALT Encoding   

  12  0:01  SCV  
  13  0:13  Refinery  
  13  0:23  Refinery  
  13  0:31  Supply Depot  
  13  0:33  SCV  
  14  0:49  SCV  
  15  0:50  Supply Depot  
  15  1:02  Supply Depot  
  15  1:07  SCV  
  16  1:20  Barracks  
  16  1:29  Supply Depot  
  16  1:32  SCV  
  17  1:44  SCV  
  18  1:55  Engineering Bay  
  18  1:57  Supply Depot  
  18  2:16  Barracks Reactor  
  18  2:17  Factory  
  17  2:53  Marine x2  
  17  2:55  Barracks  
  19  3:12  Factory Tech Lab  
  19  3:16  Marine  
  20  3:20  Command Center  
  20  3:22  SCV  
  21  3:34  SCV  
  21  3:39  Terran Infantry Weapons Level 1  
  21  3:41  Refinery  
  22  3:46  Barracks Tech Lab  
  22  4:03  SCV  
  23  4:11  Siege Tank  
  23  4:15  SCV  
  23  4:16  Marine x2  
  29  4:18  Marauder  
  31  4:35  SCV  
  31  4:38  SCV  
  33  4:40  Marine  
  33  4:42  Marine  
  35  4:48  SCV  
  35  4:50  SCV  
  37  4:53  Siege Tank  
  37  4:59  Marauder  
  42  5:08  SCV  
  42  5:09  Refinery  
  42  5:10  SCV  
  44  5:20  SCV  
  47  5:21  Marauder  
  47  5:23  SCV  
  48  5:32  Marine  
  49  5:47  SCV  
  50  5:50  SCV  
  50  5:53  Command Center  
  50  5:56  Infernal Pre-Igniter  
  51  6:02  Marauder  
  51  6:03  Marine  
  54  6:04  Marine  
  55  6:12  SCV  
  56  6:24  SCV  
  56  6:25  Supply Depot  
  57  6:29  Refinery  
  57  6:30  Ghost Academy  
  60  6:35  Widow Mine  
  60  6:36  Marine x2  
  61  6:43  Reaper  
  62  6:52  Supply Depot  
  62  6:56  Widow Mine  
  64  7:05  Refinery  
  64  7:06  SCV, Supply Depot  
  64  7:07  SCV  
  67  7:08  SCV  
  67  7:15  Reaper  
  68  7:18  SCV, Nuke  
  68  7:19  SCV  
  70  7:24  Supply Depot  
  70  7:30  SCV  
  70  7:31  SCV  
  70  7:32  SCV  
  73  7:39  Widow Mine  
  73  7:43  SCV, Marine  
  73  7:44  Marine, SCV  
  79  7:47  Reaper  
  79  7:49  Terran Infantry Armor Level 1  
  80  7:57  Armory  
  80  8:01  Siege Tank  
  80  8:05  Supply Depot  
  83  8:07  Supply Depot  
  83  8:19  Marauder  
  43  8:46  Marauder  
  43  8:47  Marine x2  
  37  8:50  Terran Vehicle Weapons Level 1  
  28  9:05  Marine x2  
  28  9:07  Marauder  
  29  9:22  Marine  
  29  9:23  Marine  
  25  9:29  Marauder, Siege Tank  
  28  9:40  Marine x2  
  26  9:49  Marine  
  26  9:58  Marine x2  
  26  10:01  Siege Tank  
  26  10:16  Marine x2  
Show
View Real Time Build Order
Export as new Build Order

Stoogers Protoss 

Build Orders:  

Get SALT Encoding   

  12  0:00  Probe  
  13  0:12  Probe  
  14  0:20  Pylon  
  14  0:24  Probe  
  15  0:37  Assimilator  
  15  0:38  Probe  
  16  0:46  Gateway  
  16  0:50  Probe  
  17  0:58  Assimilator  
  17  1:03  Probe  
  18  1:15  Probe  
  19  1:27  Probe  
  20  1:35  Zealot  
  20  1:36  Cybernetics Core  
  20  1:39  Probe  
  23  1:48  Pylon  
  23  1:53  Warp Gate  
  23  2:06  Probe, Zealot  
  26  2:18  Probe  
  27  2:27  Pylon  
  27  2:30  Pylon  
  27  2:31  Probe  
  27  2:33  Zealot  
  30  2:43  Probe  
  31  2:55  Probe  
  32  2:59  Nexus  
  32  3:06  Stalker  
  34  3:15  Probe  
  35  3:27  Probe  
  36  3:43  Probe  
  37  3:55  Probe  
  38  4:02  Gateway  
  38  4:03  Gateway  
  38  4:07  Probe  
  39  4:12  Assimilator, Probe  
  39  4:15  Assimilator  
  40  4:19  Probe  
  41  4:24  Probe  
  41  4:26  Pylon  
  41  4:27  Protoss Air Weapons Level 1  
  41  4:31  Pylon  
  42  4:39  Zealot  
  42  4:44  Probe  
  42  4:45  Probe  
  46  4:59  Probe x2  
  48  5:00  Pylon  
  48  5:04  Forge  
  48  5:05  Twilight Council  
  48  5:23  Nexus  
  48  5:26  Pylon  
  48  5:27  Protoss Ground Weapons Level 1  
  48  5:28  Probe x2  
  50  5:29  Pylon  
  50  5:32  Charge  
  50  5:40  Probe, Stalker x3  
  57  6:09  Templar Archives  
  57  6:13  Probe x2  
  57  6:16  Pylon  
  59  6:19  Pylon  
  59  6:25  Probe x2, Protoss Air Armor Level 1  
  61  6:35  Probe  
  61  6:37  Psionic Storm, Probe x2  
  64  6:42  Stalker x3  
  70  6:47  Probe  
  70  6:49  Probe  
  70  6:53  Assimilator  
  72  6:58  Assimilator  
  72  7:03  Stargate  
  72  7:04  Stargate  
  72  7:05  Stargate  
  72  7:08  Robotics Facility  
  72  7:10  Robotics Facility  
  72  7:20  Probe x3  
  75  7:25  Protoss Ground Armor Level 1  
  75  7:27  Stalker x2  
  75  7:29  High Templar  
  81  7:32  Probe x3  
  84  7:44  Probe x3  
  83  8:14  Nexus  
  83  8:15  High Templar  
  83  8:16  High Templar x2, Assimilator  
  81  8:21  Assimilator  
  81  8:23  Pylon  
  71  8:27  Pylon  
  71  8:32  Pylon  
  63  8:38  Pylon  
  59  8:49  Stalker x3  
  43  9:23  Zealot x3  
Show
View Real Time Build Order
Export as new Build Order

EggMan Terran - Winner!

Build Orders:  

Get SALT Encoding   

  12  0:00  SCV  
  13  0:15  Supply Depot  
  13  0:17  SCV  
  14  0:29  SCV  
  15  0:38  Supply Depot  
  15  0:41  SCV  
  16  0:47  Supply Depot  
  16  0:57  SCV  
  17  1:09  SCV, Supply Depot  
  18  1:11  Refinery  
  18  1:21  SCV  
  19  1:32  Barracks  
  19  1:40  Supply Depot  
  19  1:48  SCV  
  20  2:00  SCV  
  21  2:02  Refinery  
  21  2:19  SCV  
  22  2:24  Bunker  
  22  2:31  SCV  
  23  2:40  Barracks  
  23  2:47  SCV  
  23  2:51  Barracks Tech Lab  
  24  2:59  SCV  
  25  3:25  Command Center  
  25  3:29  Barracks  
  25  3:32  SCV  
  26  3:38  Barracks Reactor  
  26  3:44  SCV, Marine  
  28  3:51  Combat Shield  
  28  3:56  SCV  
  28  4:02  Marine  
  30  4:08  SCV  
  31  4:17  Barracks  
  31  4:19  Marine  
  31  4:20  Barracks Reactor, SCV  
  31  4:22  Refinery  
  33  4:25  Marine  
  34  4:32  SCV  
  34  4:37  Marine  
  36  4:44  SCV  
  37  4:47  Refinery  
  37  4:50  Engineering Bay  
  37  4:52  Factory  
  37  4:54  Factory  
  37  4:55  Marine  
  37  4:56  SCV  
  39  5:00  Marine x4  
  43  5:10  Marine  
  43  5:11  SCV x2  
  43  5:13  Marine  
  47  5:29  Barracks Reactor  
  47  5:31  Marine x3  
  47  5:32  Marine x2  
  47  5:34  SCV  
  53  5:41  SCV  
  54  5:46  SCV  
  54  5:49  Marine x3  
  58  5:51  Marine x2  
  58  5:53  SCV  
  61  5:58  SCV  
  62  6:05  SCV  
  63  6:14  SCV  
  63  6:15  Marine  
  63  6:16  Marine x5  
  70  6:23  Factory Reactor  
  70  6:24  Factory Tech Lab  
  70  6:32  Supply Depot  
  70  6:35  Supply Depot  
  70  6:52  Supply Depot  
  70  6:54  Marine x5, SCV x2  
  77  7:01  Missile Turret  
  77  7:06  SCV  
  78  7:12  Terran Infantry Weapons Level 1  
  78  7:15  Supply Depot  
  78  7:17  Stimpack  
  78  7:23  Missile Turret  
  78  7:26  Siege Tank, Widow Mine x2  
  78  7:29  Marine  
  86  7:30  Marine  
  87  7:39  Supply Depot  
  87  7:45  Missile Turret  
  87  7:48  Marine x6, Widow Mine  
  87  7:49  Marine  
  96  7:52  Widow Mine  
  96  7:53  SCV  
  96  7:58  Siege Tank  
  102  8:05  Supply Depot, Marine  
  102  8:06  Missile Turret  
  87  8:28  Supply Depot  
  83  8:52  Supply Depot  
  79  8:57  Concussive Shells  
  79  9:09  Marine x3  
  81  9:10  Marine x4  
  81  9:12  Siege Tank  
  81  9:13  Widow Mine x2  
  81  9:14  SCV x2  
  95  9:26  SCV x2  
  95  9:27  Marine  
  98  9:34  Widow Mine x2  
  102  9:44  Siege Tank  
  104  9:55  Widow Mine  
Show
View Real Time Build Order
Export as new Build Order

Mathias Protoss - Winner!

Build Orders:  

Get SALT Encoding   

  12  0:01  Probe  
  13  0:13  Probe  
  14  0:18  Pylon  
  14  0:25  Probe  
  15  0:39  Gateway  
  15  0:40  Probe  
  16  0:48  Assimilator  
  16  0:52  Probe  
  17  0:58  Pylon  
  17  1:04  Probe  
  18  1:24  Gateway  
  18  1:25  Probe  
  19  1:30  Zealot  
  21  1:41  Probe  
  22  1:57  Zealot  
  24  2:05  Pylon  
  24  2:08  Pylon  
  24  2:09  Assimilator  
  24  2:21  Zealot  
  26  2:32  Cybernetics Core  
  26  2:37  Gateway  
  26  2:40  Gateway  
  26  2:46  Probe  
  27  2:58  Probe  
  28  3:10  Probe  
  28  3:11  Warp Gate  
  29  3:48  Zealot x4  
  37  3:56  Twilight Council  
  37  4:02  Forge  
  37  4:08  Pylon  
  37  4:13  Pylon  
  37  4:24  Charge  
  37  4:25  Nexus  
  37  4:28  Zealot  
  39  4:33  Protoss Shields Level 1  
  39  4:38  Pylon  
  39  5:08  Zealot  
  39  5:09  Zealot  
  43  5:18  Zealot  
  45  5:24  Zealot  
  47  5:42  Zealot  
  49  5:45  Zealot  
  49  5:47  Zealot  
  53  5:54  Zealot  
  53  5:56  Probe  
  56  6:08  Probe  
  57  6:21  Probe  
  57  6:24  Protoss Ground Weapons Level 1  
  57  6:25  Zealot  
  60  6:26  Zealot  
  60  6:27  Zealot  
  64  6:33  Probe  
  64  6:39  Zealot  
  67  7:05  Nexus  
  67  7:20  Zealot  
  67  7:21  Zealot x2  
  73  7:26  Zealot  
  75  7:58  Stalker x2  
  77  7:59  Stalker  
  77  8:00  Stalker  
  83  8:06  Blink  
  65  9:26  Zealot x2  
  65  9:27  Zealot  
  65  9:28  Zealot  
Tags
 
Add a new tag
Caveats
  • Supply blocks, unpowered buildings, or Contaminate may cause inaccurate times.
  • Supply counts are checked every 10 seconds.